[Event "Championnat du monde jeunes U12F"]
[Date "2024.11.19"]
[White "Hrckova, Anna"]
[Black "Saharkar, Sharvari"]
[WhiteElo "1441"]
[BlackElo "1581"]
[Round "5.40"]
[Result "0-1"]
[TimeControl "5400+30"]

1. e4 e5 2. Nf3 Nc6 3. Bb5 a6 4. Ba4 d6 5. O-O Bd7 6. c3 Nf6 7. Re1 g6 8. h3 Bg7 9. d4 O-O 10. Bxc6 Bxc6 11. d5 Bd7 12. Bg5 h6 13. Bh4 c6 14. c4 cxd5 15. cxd5 Rc8 16. Nc3 Qb6 17. Qd2 Kh7 18. Rab1 Nh5 19. Qe3 Rc5 20. b4 Rb5 21. Nxb5 Qxb5 22. Be7 Re8 23. Bxd6 f5 24. Qc5 fxe4 25. Qxb5 axb5 26. Nd2 Nf4 27.
Nxe4 Nxd5 28. Rbd1 Bc6 29. g3 Ra8 30. Rd2 Nb6 31. Rc2 Nc4 32. Be7 Re8 33. Nf6+ Bxf6 34. Bxf6 Re6 35. Bd8 Rd6 36. Bc7 Rd7 37. Bxe5 Nd2 38. Re3 Nc4 39. Re1 Nxe5 40. Rb1 Nf3+ 41. Kf1 Nd2+ 42. Rxd2 Rxd2 43. a3 Ra2 44. Rb3 Bd5 45. Rc3 Bc4+ 46. Kg1 Kg7 47. Re3 Bd5 48. Kf1 Kf6 49. g4 Rb2 50. h4 h5 51.
g5+ Kf5 52. Re7 Rb1+ 53. Ke2 Bc4+ 54.
Kd2 Rb2+ 55. Ke1 Rb3 56. Rxb7 Rxa3 57.
Rb8 Kg4 58. Rb6 Bd3 59. Rf6 Kxh4 60.
Rf3 Rb3 61. Rf4+ Kxg5 62. Rd4 h4 63. f4+ Kf5 64. Kf2 Be4 65. Rd8 Kxf4 66. Rf8+ Kg4 67. Kg1 Rg3+ 68. Kf2 Rf3+ 69. Rxf3 Bxf3 70. Kf1 h3 71. Kg1 Kg3 72. Kf1 h2 73. Ke1 h1=Q+ 74. Kd2 Qd1+ 75. Kc3 Bd5 76. Kb2 Bb3 77. Kc3 g5 78. Kb2 Qc2+ 79. Ka3 Qa2# 0-1

[Variant "Standard"]
[Site "Europe Echecs"]

[Event "Championnat du monde jeunes U12F"]
[Date "2024.11.20"]
[White "Amanzhol, Khanzada"]
[Black "Buyankhishig, Batpelden"]
[WhiteElo "1780"]
[BlackElo "1867"]
[Round "6.1"]
[Result "1/2-1/2"]
[TimeControl "5400+30"]

1. e4 e5 2. Nf3 Nc6 3. d4 exd4 4. Nxd4 Nf6 5. Nc3 Bb4 6. Nxc6 bxc6 7. Bd3 d5 8. exd5 cxd5 9. O-O O-O 10. h3 Be6 11. Qf3 Rb8 12. Bf4 Bd6 13. b3 c5 14. Rad1 Bxf4 15. Qxf4 Qa5 16. Ne2 Rb4 17. Qe5 Re8 18. Qg5 h6 19. Qd2 Qxa2 20. Ra1 Qb2 21. Nc3 Rxb3 22. Na4 Rxd3 23. Qxd3 Qd4 24. Qxd4 cxd4 25. Rfd1 Rc8 26. Rac1 Rc4 27. Nb2 Rb4 28. Nd3 Ra4 29. Ra1 Rc4 30. Rxa7 Rxc2 31. f3 Nh5 32. Ra4 Ng3 33. Kh2 Ne2 34. Ne1 Rb2 35. Nd3 Rc2 36. Ne1 Rb2 37. Nd3 Rc2 38. Ne1 Rb2 39. Nd3 Rc2 40. Ne1 1/2-1/2

[Variant "Standard"]
[Site "Europe Echecs"]

[Event "Championnat du monde jeunes U12F"]
[Date "2024.11.20"]
[White "Qiu, Laurie"]
[Black "Mozolevskaya, Tatyana Nik"]
[WhiteElo "1994"]
[BlackElo "1775"]
[Round "6.2"]
[Result "0-1"]
[TimeControl "5400+30"]

1. d4 d5 2. c4 e6 3. Nc3 Nf6 4. Bg5 Nbd7 5. Nf3 c6 6. e3 Qa5 7. Qc2 Ne4 8. Bf4 Bb4 9. Rc1 Qxa2 10. Bd3 Ndf6 11. O-O Bxc3 12. bxc3 Qxc2 13. Rxc2 O-O 14. cxd5 exd5 15. c4 dxc4 16. Rxc4 Be6 17. Rb4 b6 18. Ne5 c5 19. Rb2 cxd4 20. exd4 Nc3 21. Ba6 Bc8 22. Ra1 Ncd5 23. Bg3 Ne4 24. Bh4 Bxa6 25. Rxa6 Rfc8 26. h3 f6 27. Nd3 g5 28. f3 Nd6 29. Bf2 Rc3 30. Nb4 Nc4 31. Rb1 Nxb4 32. Rxb4 Re8 33. Ra2 a5 34. Rb5 Rd3 35. d5 Rd1+ 36. Kh2 Nd2 37. Bxb6 Re2 38. Rbb2 h5 39. h4 Nf1+ 40. Kg1 Ng3+ 41. Kh2 gxh4 42. Bg1 Ree1 43. Kh3 Rxg1 44. Kxh4 Nf5+ 45. Kxh5 Rxd5 46. Kg6 Nh4+ 47. Kxf6 Re1 48. Re2 Rf5+ 49. Ke6 Rxe2+ 50. Rxe2 Kg7 51. Rf2 a4 52. f4 Ra5 53. g4 a3 54. Ra2 Nf3 55. f5 Nd4+ 56. Ke7 Nc6+ 57. Ke6 Nb4 58. f6+ Kg6 59. Ra1 a2 60. f7 Ra6+ 61. Ke7 Ra7+ 62. Ke6 Rxf7 0-1

[Variant "Standard"]
[Site "Europe Echecs"]

[Event "Championnat du monde jeunes U12F"]
[Date "2024.11.20"]
[White "Tu, Audrey"]
[Black "Venskaya, Nika"]
[WhiteElo "1765"]
[BlackElo "1871"]
[Round "6.3"]
[Result "0-1"]
[TimeControl "5400+30"]

1. e4 d6 2. d4 Nf6 3. Nc3 g6 4. Bg5 Bg7 5. f4 c6 6. Nf3 Qa5 7. Bd3 Bg4 8. O-O e5 9. fxe5 dxe5 10. dxe5 Nfd7 11. Qe1 Qc7 12. Qg3 Bxf3 13. Qxf3 Nxe5 14. Qg3 O-O 15. Be3 Qe7 16. a3 Nbd7 17. Rad1 Qe6 18. Be2 Nb6 19. b3 Qe7 20. b4 Qe6 21. Bc5 Rfd8 22. b5 Qe8 23. Qf2 Nbc4 24. bxc6 bxc6 25. Bxa7 Nxa3 26. Bb6 Rxd1 27.
Bxd1 Nac4 28. Bd4 Rd8 29. Bxe5 Bxe5 30.
Ne2 Nd2 31. Re1 Nxe4 32. Qf3 Nd2 33.
Qg4 Bd4+ 34. Kh1 Bf2 35. h3 Bxe1 36. Nf4 Ne4 37. Kh2 Bg3+ 38. Kg1 Bxf4 39. Qxf4 Rxd1+ 40. Kh2 f6 0-1

[Variant "Standard"]
[Site "Europe Echecs"]

[Event "Championnat du monde jeunes U12F"]
[Date "2024.11.20"]
[White "Xue, Tianhao"]
[Black "Sinkar, Anagha Aniket"]
[WhiteElo "1835"]
[BlackElo "1723"]
[Round "6.4"]
[Result "1-0"]
[TimeControl "5400+30"]

1. e4 c5 2. Nf3 Nc6 3. d4 cxd4 4. Nxd4 g6 5. c4 Bg7 6. Be3 Nf6 7. Nc3 d6 8. Be2 Bd7 9. O-O O-O 10. Qd2 Rc8 11. f3 a6 12. Rac1 Rb8 13. Nd5 e6 14. Nc3 Nxd4 15. Bxd4 Bc6 16. Rfd1 Qc7 17. Qe3 b6 18. e5 dxe5 19. Bxe5 Ng4 20. Bxc7 Nxe3 21. Rd6 Rbc8 22. Rxc6 Be5 23. Bxb6 Rxc6 24. Bxe3 Rd8 25. Kf2 Kg7 26. f4 Bd4 27. Bxd4+ Rxd4 28. Ke3 Rd7 29. b4 e5 30. fxe5 Re6 31. Nd5 Rxe5+ 32. Kd3 Re8 33. Bf3 Rb8 34. a3 f5 35. c5 g5 36. g3 Re8 37. c6 Rd6 38. c7 Rc8 39. Kd4 g4 40. Bg2 Re6 41. a4 Kf7 42. b5 axb5 43. axb5 Re2 44. b6 Rb2 45. Kc5 Rxg2 46. b7 Rxc7+ 47. Nxc7 Rb2 48. Nb5 1-0

[Variant "Standard"]
[Site "Europe Echecs"]

[Event "Championnat du monde jeunes U12F"]
[Date "2024.11.20"]
[White "Allahverdi, Zahra"]
[Black "Zavivaeva, Kristina"]
[WhiteElo "1718"]
[BlackElo "1775"]
[Round "6.5"]
[Result "1-0"]
[TimeControl "5400+30"]

1. d4 Nf6 2. c4 c5 3. d5 b5 4. cxb5 a6 5. Nc3 g6 6. e4 d6 7. Nf3 Bg7 8. a4 axb5 9. Bxb5+ Bd7 10. Bxd7+ Nbxd7 11. O-O O-O 12. Qc2 Qa5 13. Bd2 Rfb8 14. Nb5 Qb6 15. Bc3 Rb7 16. Nd2 Qa6 17. b3 Nb6 18. f4 Rc8 19. Qd3 Nfd7 20. Bxg7 Kxg7 21. Nc4 Nxc4 22. Qxc4 Nb6 23. Qc3+ Kg8 24. f5 c4 25. Qf3 Rf8 26. f6 cxb3 27. Qxb3 Re8 28. fxe7 Nd7 29. Qc3 Rxe7 30. Qc6 Rb6 31. Qc7 Rb7 32. Qd8+ Nf8 33. Qxd6 Qxd6 34. Nxd6 Rbd7 35. Nb5 Rxe4 36. a5 Re8 37. a6 Ra8 38. Rf6 Kg7 39. Rb6 Rdd8 40. Rb7 Nd7 41. Nc7 Rac8 42. Ra5 Rb8 43. Rxb8 Rxb8 44. a7 Rb1+ 45. Kf2 Rb2+ 46. Ke3 Nb6 47. Ra6 Rb3+ 48. Kd4 Rb4+ 49. Kc5 Rb2 50. Rxb6 Rc2+ 51. Kd6 1-0

[Variant "Standard"]
[Site "Europe Echecs"]

[Event "Championnat du monde jeunes U12F"]
[Date "2024.11.20"]
[White "Siddhi Rao"]
[Black "Ejsymont, Blanka"]
[WhiteElo "1677"]
[BlackElo "1945"]
[Round "6.6"]
[Result "1/2-1/2"]
[TimeControl "5400+30"]

1. e4 c6 2. d4 d5 3. exd5 cxd5 4. Bd3 Nf6 5. c3 Bg4 6. Qb3 Qc7 7. h3 Bd7 8. Nf3 e6 9. O-O Bd6 10. Re1 Nc6 11. Qd1 O-O 12. Qe2 Be8 13. Ne5 Bxe5 14. dxe5 Nd7 15. f4 f6 16. exf6 Rxf6 17. Be3 e5 18. fxe5 Ndxe5 19. Bc2 Bg6 20. Bxg6 Nxg6 21. Nd2 Qg3 22. Qb5 Nge7 23. Bc5 Ng6 24. Nf1 Qf4 25. Qxb7 Rd8 26. Rad1 Qg5 27. Be3 Nf4 28. Bxf4 Qxf4 29. Re2 h6 30. Qb3 Na5 31. Qb5 Nc4 32. b3 Ne5 33. Ne3 Rg6 34. Kh1 Nf3 35. gxf3 Qxf3+ 36. Ng2 Rxg2 37. Rxg2 Qxd1+ 38. Kh2 Qf3 39. Qc5 Re8 40. Qd4 Qf7 41. Rd2 Re4 42. Qf2 Qc7+ 43. Qg3 Qxg3+ 44. Kxg3 Re3+ 45. Kg4 Rxc3 46.
Rxd5 Rc7 47. h4 g6 48. Rd6 Kg7 49. Ra6 Rd7 50. Kg3 Rc7 51. Kg4 Rd7 52. h5 gxh5+ 53. Kxh5 Rd5+ 54. Kg4 Rd7 55.
Kf5 Rf7+ 56. Kg4 Rd7 57. a3 Rc7 58. b4 Rd7 59. Ra5 Kg6 60. Ra6+ Kg7 61. a4 Rd4+ 62. Kh5 Rd5+ 63. Kg4 Rd4+ 64. Kh5 1/2-1/2

[Variant "Standard"]
[Site "Europe Echecs"]

[Event "Championnat du monde jeunes U12F"]
[Date "2024.11.20"]
[White "Pratitee Bordoloi"]
[Black "Tran Le Vy"]
[WhiteElo "1929"]
[BlackElo "1854"]
[Round "6.7"]
[Result "0-1"]
[TimeControl "5400+30"]

1. e4 e5 2. Nf3 Nc6 3. d4 exd4 4. Nxd4 Bc5 5. Nb3 Bb6 6. Nc3 Nf6 7. Be2 h6 8. O-O d6 9. Bf4 O-O 10. Bd3 Ne5 11. Bg3 a6 12. h3 g5 13. Bxe5 dxe5 14. Qf3 Qe7 15. g4 c6 16. Ne2 h5 17. gxh5 g4 18. hxg4 Bxg4 19. Qg2 Kh8 20. Ng3 Rg8 21. Nd2 Nxh5 22. Qh2 Rg7 23. Nc4 Ba7 24. Ne3 Qg5 25. Nxg4 Qxg4 26. Kg2 Rh7 27. Rh1 Nf4+ 28. Kf1 Rxh2 29. Rxh2+ Kg8 30. Nf5 Qg5 31. Be2 Rd8 32. Bc4 Rd2 33. Re1 Rxc2 34. Bb3 Rxf2+ 35. Rxf2 Bxf2 36. Kxf2 Nd3+ 37.
Ke2 Nxe1 38. Kxe1 Qc1+ 39. Ke2 Qxb2+ 40.
Kf3 b5 41. Nd6 c5 42. Bxf7+ Kf8 43. Bd5 c4 44. Kg4 c3 45. Bb3 Qf2 46. a4 bxa4 47. Bxa4 Qd4 48. Bc2 Qxd6 49. Kf5 Kg7 50. Bb3 Qf6+ 51. Kg4 Qf4+ 52. Kh3 Qxe4 53. Kh2 a5 54. Kg3 a4 55. Bd1 Qd3+ 56. Bf3 e4 57. Kh2 Qxf3 58. Kg1 Qe2 59. Kh1 c2 0-1

[Variant "Standard"]
[Site "Europe Echecs"]

[Event "Championnat du monde jeunes U12F"]
[Date "2024.11.20"]
[White "Illes-Nagy, Nora"]
[Black "Hanya Shah"]
[WhiteElo "1803"]
[BlackElo "1888"]
[Round "6.8"]
[Result "1/2-1/2"]
[TimeControl "5400+30"]

1. d4 Nf6 2. c3 e6 3. Bg5 d5 4. e3 b6 5. Nf3 Bb7 6. Nbd2 Be7 7. Bd3 Nbd7 8. O-O Ne4 9. Bxe7 Qxe7 10. Qc2 f5 11. Ne5 O-O 12. Ndf3 Rf6 13. Nxd7 Qxd7 14. Ne5 Qe7 15. f3 Nd6 16. Rae1 c5 17. Qf2 Rh6 18. Qg3 Rf8 19. f4 a5 20. Rf3 c4 21. Bc2 b5 22. Qf2 b4 23. Qd2 Ne4 24. Bxe4 fxe4 25. Rff1 Ba8 26. g3 Rb8 27. Rb1 Rf6 28. Rfc1 Rff8 29. b3 Rfc8 30. bxc4 dxc4 31. cxb4 Rxb4 32. Rxb4 Qxb4 33. Qxb4 axb4 34. Rxc4 Rxc4 35. Nxc4 Bd5 36. Nb2 Bxa2 37. Kf2 Kf7 38. Ke2 Bb3 39. Nd1 Kf6 40. Nf2 Bd5 41. Kd2 h5 42. h3 g5 43. Kc2 gxf4 44. gxf4 h4 45. Kb2 Kf5 46. Kc2 Bc4 47. Kb2 Bd5 48. Kc2 Bc4 49. Kb2 Bd5 50. Kc2 Bc4 51. Kb2 Bd5 52. Kc2 Bc4 53. Kb2 1/2-1/2

[Variant "Standard"]
[Site "Europe Echecs"]

[Event "Championnat du monde jeunes U12F"]
[Date "2024.11.20"]
[White "Anu, Bayart-Uchral"]
[Black "Tong Thai Hoang An"]
[WhiteElo "1624"]
[BlackElo "1869"]
[Round "6.9"]
[Result "0-1"]
[TimeControl "5400+30"]

1. d4 d5 2. c4 c6 3. Nc3 Nf6 4. e3 e6 5. Nf3 Nbd7 6. Bd3 dxc4 7. Bxc4 b5 8. Bd3 a6 9. e4 c5 10. d5 Qc7 11. dxe6 fxe6 12. O-O c4 13. Bc2 Bb7 14. Nd4 Nc5 15. Qe2 Rd8 16. Be3 e5 17. Nf3 Bd6 18. Nd2 O-O 19. a4 Bc6 20. Bxc5 Bxc5 21. Nxc4 bxc4 22. Qxc4+ Bd5 23. Qxa6 Bf7 24. Qe2 Bh5 25. Bb3+ Kh8 26. Qc2 Ng4 27. Nd1 Qa7 28. h3 Bxf2+ 29. Kh1 Bg3 30. Rxf8+ Rxf8 31. Qd3 Nf2+ 32. Nxf2 Qxf2 33. Rg1 Be2 34. Qb1 h6 35. Bd5 Bf4 36. Qe1 Qe3 37. a5 Ba6 38. Qxe3 Bxe3 39. Rb1 Rb8 40. b3 Rc8 41. b4 Rb8 42. b5 Rxb5 43. Rxb5 Bxb5 44. Bb7 g6 45. g3 Kg7 46. h4 Kf6 47. Kg2 Be2 48. Bc8 Ke7 49. h5 g5 50. Kh3 Bxh5 51. a6 Be2 52. Bb7 Kd6 53. Kg2 Kc7 54. Bd5 h5 55. Be6 Kb6 56. a7 Kxa7 57. Bf5 Kb6 58. Bh7 Kc5 59. Bf5 Kd4 60. Bg6 Bg4 61. Bh7 h4 62. gxh4 gxh4 63. Kh1 Bf4 64. Bg6 h3 65. Bh5 Bxh5 66. Kg1 h2+ 67. Kf2 Bf3 68. Kxf3 0-1

[Variant "Standard"]
[Site "Europe Echecs"]

[Event "Championnat du monde jeunes U12F"]
[Date "2024.11.20"]
[White "Pavithra R V"]
[Black "Rzadkowska, Kaja"]
[WhiteElo "1854"]
[BlackElo "1798"]
[Round "6.10"]
[Result "1-0"]
[TimeControl "5400+30"]

1. e4 c5 2. Nf3 Nc6 3. d3 g6 4. g3 Bg7 5. Bg2 e5 6. O-O Nge7 7. Be3 d6 8. Qd2 O-O 9. Nc3 f5 10. Bg5 Qc7 11. h4 f4 12. gxf4 h6 13. Bxe7 Qxe7 14. Nd5 Qd8 15. fxe5 dxe5 16. Qe3 Bg4 17. Nh2 Qxh4 18. Nxg4 Qxg4 19. f3 Qg3 20. c3 b6 21. Qf2 Qxf2+ 22. Kxf2 Nd8 23. Bh3 Nf7 24. Be6 Kh7 25. Bxf7 Rxf7 26. Ke2 g5 27. a4 Rb8 28. b4 cxb4 29. cxb4 Bf8 30. Rab1 Rfb7 31. Rh1 Kg6 32. Rbc1 Bg7 33. Rc6+ Kf7 34. Ne3 Rd7 35. Rhc1 Rbd8 36. Rc7 Bf8 37. Nd5 Bd6 38. R7c6 Kg7 39. Kf2 Rh8 40. Kg3 h5 41. R1c4 h4+ 42. Kh3 Kg6 43. Ne3 Kh5 44. Ng4 Rf8 45. Kg2 Rf4 46. Rc1 Rd8 47. Ne3 Rf6 48. Nf5 Kg6 49. Rc8 Rxc8 50. Rxc8 Bxb4 51.
Rg8+ Kh5 52. Rh8+ Kg6 53. Rh6+ Kf7 54.
Rh7+ Ke6 55. Rxa7 Bc5 56. Ng7+ Kd6 57.
Ne8+ Ke6 58. Nxf6 Kxf6 59. Kh3 Be3 60.
Kg4 Kg6 61. Rd7 Kf6 62. Rd6+ Ke7 63.
Rh6 Kd7 64. Kf5 Bf4 65. Rxb6 h3 66. a5 h2 67. Rb1 Kc7 68. a6 h1=Q 69. Rxh1 Kb6 70. Rh6+ Ka7 71. Rg6 Ka8 72. Rxg5 Bxg5 73. Kxg5 Ka7 74. Kf5 Kxa6 75. Kxe5 1-0

[Variant "Standard"]
[Site "Europe Echecs"]

[Event "Championnat du monde jeunes U12F"]
[Date "2024.11.20"]
[White "Siskou, Evangelia"]
[Black "Chovanec, Alice"]
[WhiteElo "1884"]
[BlackElo "1694"]
[Round "6.11"]
[Result "1/2-1/2"]
[TimeControl "5400+30"]

1. c4 e5 2. g3 c6 3. d4 e4 4. d5 Nf6 5. Nc3 Bc5 6. Bg2 Qe7 7. e3 d6 8. h3 Bf5 9. Nge2 Nbd7 10. g4 Bg6 11. Ng3 h6 12. O-O O-O 13. b3 Nb6 14. a3 a5 15. Rb1 Nbd7 16. b4 axb4 17. axb4 Ba7 18. dxc6 bxc6 19. b5 cxb5 20. Ba3 Bc5 21. Bxc5 Nxc5 22. Rxb5 Qe6 23. Qd4 Rfe8 24. Rb6 Rad8 25. Nb5 Rd7 26. Rd1 Nb7 27. Rc6 Red8 28. Ne2 Na5 29. Ra6 Qxc4 30. Rxa5 Qxe2 31. Nc3 Qc2 32. Bf1 Qb3 33. Bc4 Qb8 34. Rb1 Rb7 35. Rxb7 Qxb7 36. Ra7 Qb2 37. Ra2 Qb8 38. Ra6 Qb2 39. Rb6 Qa1+ 40. Kg2 d5 41. Ba2 Rc8 42. Nxd5 Qxd4 43. Ne7+ Kf8 44. Nxg6+ fxg6 45. exd4 Rd8 46. Rb4 Nd5 47. Rb7 Nf4+ 48. Kh2 Nd5 49. Kg3 Nc3 50. Bc4 Rxd4 51. Bb3 Nd5 52. Bxd5 Rxd5 53. Rb4 Rd3+ 54. Kg2 e3 55. f4 e2 56. Re4 Rd2 57. Kg3 Rd3+ 58. Kg2 Rd4 59. Rxe2 Rxf4 60. Kg3 Rf6 61. Ra2 Rb6 62. Ra7 g5 63. Ra3 Kf7 64. Rc3 Kf6 65. Re3 Re6 66. Rf3+ Ke7 67. Rd3 Rf6 68. Ra3 Rd6 69. Re3+ Kd7 70. Rc3 Re6 71. Ra3 Ke7 72. Rd3 Re4 73. Ra3 Kf6 74. Ra6+ Re6 75. Ra3 Kg6 76. Rb3 Re7 77. Rb6+ Kf7 78. Rb3 Ke6 79. Rb5 Kd6 80. Rb6+ Kc5 81. Rg6 Kd5 82. h4 gxh4+ 83. Kxh4 Ke4 84. Ra6 Kf3 85.
Ra3+ Ke4 86. g5 Kf5 87. Ra5+ Kg6 88.
Ra6+ Kf5 1/2-1/2

[Variant "Standard"]
[Site "Europe Echecs"]

[Event "Championnat du monde jeunes U12F"]
[Date "2024.11.20"]
[White "Xu, Luna Yuexiu"]
[Black "Bohatyrova, Mariia"]
[WhiteElo "1821"]
[BlackElo "1722"]
[Round "6.12"]
[Result "1-0"]
[TimeControl "5400+30"]

1. e4 c5 2. Nf3 Nc6 3. d4 cxd4 4. Nxd4 g6 5. Nc3 Bg7 6. Be3 Nf6 7. Bc4 O-O 8. f3 a6 9. Qd2 Qc7 10. Bb3 Rd8 11. O-O-O Ne5 12. h4 h5 13. Bg5 Re8 14. Bxf6 Bxf6 15. Nd5 Qc5 16. Nxf6+ exf6 17. Qh6 Qf8 18. Qf4 Qd6 19. Kb1 Qe7 20. g4 hxg4 21. fxg4 d6 22. g5 Ng4 23. Rhf1 Qe5 24. gxf6 Qxe4 25. Qxd6 Qe5 26. Qb6 a5 27. Nf3 Qxf6 28. Qxf6 Nxf6 29. Ng5 Kg7 30. Rd6 Bf5 31. Nxf7 a4 32. Bc4 Rac8 33. Rxf6 Kxf6 34. Nd6 Kg7 35. Nxc8 Rxc8 36. Bd3 Bxd3 37. cxd3 Kh6 38. Rf4 a3 39. bxa3 Rc3 40. d4 Rxa3 41. Kb2 Rd3 42. a4 Rh3 43. Kc2 Ra3 44. d5 g5 45. hxg5+ Kxg5 46. Rd4 Rh3 47. d6 Rh8 48. Kc3 Rd8 49. Kc4 Kf6 50. Kd5 Kf5 51. Rb4 Rd7 52. Rc4 Rd8 53. Rc7 b6 54. d7 Kf6 55. Kd6 b5 56. axb5 Rb8 57. Rc8 Rxb5 58. d8=Q+ Kg6 59. Qe8+ Kg7 60. Qxb5 Kg6 61. Rg8+ Kh6 62. Qg5+ Kh7 63. Qg6# 1-0

[Variant "Standard"]
[Site "Europe Echecs"]

[Event "Championnat du monde jeunes U12F"]
[Date "2024.11.20"]
[White "Oksanen, Maria"]
[Black "Abak, Tuana"]
[WhiteElo "1725"]
[BlackElo "1806"]
[Round "6.13"]
[Result "0-1"]
[TimeControl "5400+30"]

1. e4 c5 2. Nf3 d6 3. Bb5+ Bd7 4. Bxd7+ Qxd7 5. O-O Nc6 6. c3 g6 7. d4 cxd4 8. cxd4 Bg7 9. Nc3 Nf6 10. Re1 O-O 11. Rb1 Rac8 12. Bg5 Rfd8 13. Qd2 b6 14. b4 Qb7 15. Nd5 Rd7 16. Rbc1 Re8 17. Bxf6 Bxf6 18. b5 Nd8 19. Nxf6+ exf6 20. d5 Rde7 21. Rc4 Qd7 22. a4 Nb7 23. Qf4 f5 24. Nd2 Nc5 25. f3 Nd3 26. Qg3 Nxe1 27. Qxe1 fxe4 28. Nxe4 Qf5 29. Qc3 Re5 30. g4 Qf4 31. Kg2 Rxe4 32. fxe4 Qxg4+ 33. Kf2 Qf4+ 34. Kg2 Re5 35. Rc8+ Kg7 36. Rc4 Qf6 37. Qd3 Rg5+ 38. Kh3 Qf4 39. Qc3+ Kh6 0-1

[Variant "Standard"]
[Site "Europe Echecs"]

[Event "Championnat du monde jeunes U12F"]
[Date "2024.11.20"]
[White "Xia, Miaoyan"]
[Black "Jordan, Christina"]
[WhiteElo "1711"]
[BlackElo "1803"]
[Round "6.14"]
[Result "0-1"]
[TimeControl "5400+30"]

1. e4 c5 2. Nf3 d6 3. d4 cxd4 4. Nxd4 Nf6 5. Nc3 a6 6. Be3 e5 7. Nb3 Be6 8. f3 h5 9. Nd5 Bxd5 10. exd5 Nbd7 11. Qd2 g6 12. O-O-O Nb6 13. Kb1 Nbxd5 14. Bg5 Be7 15. c4 Nb6 16. c5 dxc5 17. Nxc5 Nfd5 18. Bxe7 Qxe7 19. Qa5 Rd8 20. Na4 Nxa4 21. Qxa4+ Qd7 22. Qxd7+ Rxd7 23. Bc4 Nb6 24. Rxd7 Nxd7 25. Bd5 b6 26. Bc6 Ke7 27. Re1 f6 28. f4 Nb8 29. Bd5 Rd8 30. Bf3 Nd7 31. h4 Kf7 32. Rd1 Ke7 33. f5 gxf5 34. Bxh5 Rh8 35. Bg6 Rxh4 36. Bxf5 Nc5 37. a3 Rf4 38. g4 Ne6 39. Bxe6 Kxe6 40. Rg1 e4 41. Kc1 Ke5 42. g5 fxg5 43. Rxg5+ Kd4 44. Rg6 e3 45. Kd1 Rf1+ 46. Ke2 Rf2+ 47. Ke1 Rxb2 48. a4 Ra2 49. Rxb6 Rxa4 50. Rd6+ Ke5 51. Rd8 a5 52. Ra8 Kd4 53. Rd8+ Ke4 54. Ra8 Kd3 55. Rd8+ Rd4 56. Ra8 a4 57. Ra7 Kc3 58. Ke2 Re4 59. Ra8 Kb3 60. Rb8+ Rb4 61. Rh8 a3 62. Kxe3 a2 63. Rh1 Ka3 64. Kd2 Rb1 65. Rh3+ Kb2 0-1

[Variant "Standard"]
[Site "Europe Echecs"]

[Event "Championnat du monde jeunes U12F"]
[Date "2024.11.20"]
[White "Li, Sophie"]
[Black "Tursunalieva, Nurelina"]
[WhiteElo "1798"]
[BlackElo "1701"]
[Round "6.15"]
[Result "1-0"]
[TimeControl "5400+30"]

1. e4 c5 2. Nf3 d6 3. d4 cxd4 4. Qxd4 Nc6 5. Qd3 Qc7 6. Nc3 Nf6 7. Be2 g6 8. O-O Bg7 9. Bg5 Qd8 10. Nd5 Nxd5 11. exd5 Nb8 12. Rfe1 O-O 13. c3 Nd7 14. Nd4 Nf6 15. Bf3 Re8 16. Re2 Nd7 17. Rae1 Ne5 18. Qe4 h6 19. Bc1 a6 20. g3 Nxf3+ 21. Qxf3 Bd7 22. Re4 Rc8 23. Qe2 Qa5 24. Rd1 Qd8 25. Qf3 h5 26. Rde1 Bg4 27. Qe3 Rc7 28. Bd2 Qc8 29. f3 Bf5 30. Nxf5 Qxf5 31. Qd3 Qd7 32. Bg5 f6 33. Bd2 Kf7 34. Re6 Qb5 35. Qxb5 axb5 36. Bf4 Ra8 37. a3 Bf8 38. Be3 Rc4 39. Bd4 Rc7 40. Kf2 Ra6 41. Ke3 Bh6+ 42. Kd3 Ra8 43. h3 g5 44. g4 h4 45. R1e4 Bf8 46. Bb6 Rc4 47. Rxc4 bxc4+ 48. Kxc4 Ra4+ 49. Kd3 Rf4 50. Ke3 f5 51. Ke2 fxg4 52. fxg4 Rc4 53. Bd4 Ra4 54. Kd3 b5 55. Be3 Ra5 56. Ke4 Ra4+ 57. Kf5 Ra5 58. Bb6 Ra6 59. Bc5 Ra8 60. Bb4 Bg7 61. Kxg5 Bf6+ 62. Kf4 Be5+ 63. Kf5 Rf8 64. Ke4 Rh8 65. g5 Rh5 66. g6+ Kf8 67. Ba5 Rg5 68. g7+ Rxg7
1-0

[Variant "Standard"]
[Site "Europe Echecs"]

[Event "Championnat du monde jeunes U12F"]
[Date "2024.11.20"]
[White "Abylaykyzy, Bibisara"]
[Black "Bassari, Senem Gul"]
[WhiteElo "1694"]
[BlackElo "1778"]
[Round "6.16"]
[Result "0-1"]
[TimeControl "5400+30"]

1. e4 c5 2. Nf3 d6 3. d4 cxd4 4. Nxd4 Nf6 5. Nc3 a6 6. Be2 e5 7. Nb3 Be6 8. Be3 Nbd7 9. O-O Be7 10. f3 O-O 11. Nd5 Nxd5 12. exd5 Bf5 13. c4 Rc8 14. Qd2 Bg6 15. Na5 Qc7 16. b4 f5 17. Rac1 f4 18. Bf2 Rfd8 19. Rfd1 Nf6 20. a4 Bf7 21. Nb3 Qd7 22. b5 axb5 23. axb5 Kh8 24. Ra1 g5 25. Ra7 Rg8 26. Na5 Rb8 27. Nc6 Rbe8 28. Nxe7 Rxe7 29. Qb4 g4 30. Bh4 Rg6 31. Bd3 Rh6 32. Bg5 Kg7 33. Bxh6+ Kxh6 34. Qe1 Kg7 35. Qh4 h6 36. Qf2 Kh8 37. Rda1 Kg7 38. Qc2 Qc7 39. Qf2 Qd7 40. b6 Re8 41. Qc2 g3 42. hxg3 fxg3 43. Bf5 Qe7 44. Ra8 Nh5 45. Rxe8 Bxe8 46. Ra7 Kh8 47. Qd2 Nf4 48. Ra8 Kg7 49. Ra3 Qg5 50. Qc2 Qh4 51. Bh3 Bg6 52. Qd2 Bf5 53. Ra7 Bc8 54. c5 Qg5 55. Ra2 Bxh3 56. gxh3 Nxh3+ 57. Kf1 Nf4 58. Qe3 g2+ 59. Rxg2 Qxg2+ 60. Ke1 Qc2 61.
cxd6 Ng2+ 0-1

[Variant "Standard"]
[Site "Europe Echecs"]

[Event "Championnat du monde jeunes U12F"]
[Date "2024.11.20"]
[White "Huang, Lucia"]
[Black "Aadya Ranganath"]
[WhiteElo "1621"]
[BlackElo "1753"]
[Round "6.17"]
[Result "0-1"]
[TimeControl "5400+30"]

1. e4 e5 2. Nf3 Nc6 3. Bc4 Bc5 4. O-O Nf6 5. d3 h6 6. c3 a6 7. a4 d6 8. h3 O-O 9. Be3 Bxe3 10. fxe3 Ne7 11. Na3 Ng6 12. Qe1 c6 13. Ba2 d5 14. exd5 cxd5 15. Rd1 Bd7 16. b3 b5 17. Bb1 bxa4 18. bxa4 Bxa4 19. Bc2 Bxc2 20. Nxc2 a5 21. Ra1 Qc7 22. Na3 Rfc8 23. c4 dxc4 24. dxc4 Rd8 25. Qc3 Nd5 26. Qc1 Nb4 27. Rd1 Rxd1+ 28. Qxd1 Rd8 29. Qe2 Qc5 30. Kh2 Rd3 31. e4 Re3 32. Qf2 Nd3 33. Qd2 Ngf4 34. Nb5 Re2 35. Qc2 0-1

[Variant "Standard"]
[Site "Europe Echecs"]

[Event "Championnat du monde jeunes U12F"]
[Date "2024.11.20"]
[White "Baruch, Amit"]
[Black "Sevastsyanchuk, Anastasiya"]
[WhiteElo "1747"]
[BlackElo "1595"]
[Round "6.18"]
[Result "0-1"]
[TimeControl "5400+30"]

1. e4 c6 2. d4 d5 3. exd5 cxd5 4. c4 Nf6 5. Nc3 e6 6. Nf3 Bb4 7. cxd5 Nxd5 8. Bd2 O-O 9. Bd3 b6 10. O-O Bb7 11. Ng5 h6 12. Nge4 Nc6 13. Nxd5 Qxd5 14. Bxh6 Qxd4 15. Qg4 f5 16. Qg6 fxe4 17. Bxe4 Qf6 18. Qh7+ Kf7 19. Bxg7 Qxg7 20. Qh5+ Kg8 21. a3 Bc5 22. Rae1 Rf6 23. b4 Bd6 24. g3 Raf8 25. Rd1 Bb8 26. Qe2 Ne5 27. Kg2 Rf4 28. f3 Bxe4 29. fxe4 Nf3 30. Kh1 Nd4 31. Qc4 Rxf1+ 32. Rxf1 Rxf1+ 33. Qxf1 Qg4 34. Kg1 Qxe4 35. Qf6 Qe3+ 36. Kg2 Qf3+ 37. Qxf3 Nxf3 38. Kxf3 b5 39. Ke4 Kf7 40. Kd4 Bd6 41. g4 Bxh2 42. Kc5 a6 43. Kb6 e5 0-1

[Variant "Standard"]
[Site "Europe Echecs"]

[Event "Championnat du monde jeunes U12F"]
[Date "2024.11.20"]
[White "Stepankova, Linda"]
[Black "Sabou, Stefania Theodora"]
[WhiteElo "1624"]
[BlackElo "1736"]
[Round "6.19"]
[Result "0-1"]
[TimeControl "5400+30"]

1. e4 c5 2. Nf3 Nc6 3. d4 cxd4 4. Nxd4 g6 5. Nc3 Bg7 6. Be3 Nf6 7. f3 O-O 8. Qd2 d5 9. Nxc6 bxc6 10. Bh6 e5 11. Bxg7 Kxg7 12. exd5 cxd5 13. Be2 d4 14. Nd1 e4 15. O-O e3 16. Qe1 Bf5 17. Rc1 Rc8 18. Ba6 Rxc2 19. Rxc2 Bxc2 20. Qe2 Bf5 21. b3 Qb6 22. Nb2 Nd5 23. Bc4 Nc3 24. Qe1 Re8 25. Nd3 Bxd3 26. Bxd3 Qe6 27. Bc4 Qe7 28. a4 Kg8 29. g3 e2 30. Rf2 Qe3 31. Kg2 d3 32. Qxc3 e1=Q 33. Bxf7+ Kxf7 34. Qc7+ Kg8 35. Qc4+ Kh8 36. Ra2 Q1g1+ 37. Kh3 Qh6+ 0-1

[Variant "Standard"]
[Site "Europe Echecs"]

[Event "Championnat du monde jeunes U12F"]
[Date "2024.11.20"]
[White "Xu, Melissa"]
[Black "Telyuk, Anastasiya"]
[WhiteElo "1731"]
[BlackElo "1603"]
[Round "6.20"]
[Result "0-1"]
[TimeControl "5400+30"]

1. e4 c5 2. Nc3 Nc6 3. g3 e6 4. Bg2 Nf6 5. Nge2 Be7 6. d3 O-O 7. O-O a6 8. a4 Qc7 9. f4 d6 10. Kh1 Rd8 11. d4 cxd4 12. Nxd4 Bd7 13. Nb3 Rac8 14. Be3 b6 15. Qe2 Ra8 16. Rfd1 Be8 17. Bf3 Nd7 18. Qf2 Nc5 19. Nd4 Bf6 20. h4 Nxd4 21. Bxd4 Bxd4 22. Rxd4 Rac8 23. h5 h6 24. g4 e5 25. fxe5 dxe5 26. Rxd8 Qxd8 27. Rd1 Qg5 28. Ra1 a5 29. Nd5 Bc6 30. Nxb6 Nxe4 31. Qg2 Qf4 32. Nxc8 Ng3+ 33. Kg1 Bxf3 34. Qf2 Qxg4 35. Qh2 Qd4+ 36. Qf2 Qg4 37. Qh2 Nf5+ 38. Kf2 Be4 39. Ke1 Nd4 40. Qf2 Nxc2+ 41. Kf1 Bd3+ 0-1

[Variant "Standard"]
[Site "Europe Echecs"]